Map: Automaton LE

Players

Lambo - Winner!

  • Race: Zerg Zerg
  • League: Grandmaster
  • Spawn Location: 3:00

DnS

  • Race: Protoss Protoss
  • League: Grandmaster
  • Spawn Location: 9:00

VOD

Have the link to the VOD?

Description

Time

  • Played on: Jan. 11, 2019, 11:59 a.m.
  • Length: 9:15
Show
View Real Time Build Order
Export as new Build Order

Lambo Zerg - Winner!

Build Orders: Hatch First 

Get SALT Encoding   

  12  0:02  Drone  
  13  0:14  Overlord  
  13  0:22  Drone  
  14  0:32  Drone x2  
  16  0:50  Hatchery  
  16  0:53  Drone  
  16  0:56  Drone  
  17  1:00  Drone  
  18  1:10  Extractor  
  17  1:15  Spawning Pool  
  16  1:18  Drone  
  16  1:23  Drone  
  18  1:29  Drone  
  19  1:44  Overlord  
  19  1:53  Drone  
  20  2:02  Queen x2  
  20  2:03  Zergling x4  
  26  2:12  Metabolic Boost  
  26  2:15  Drone  
  27  2:16  Drone  
  28  2:25  Drone x2  
  30  2:35  Drone x2  
  32  2:43  Queen  
  34  2:47  Overlord  
  34  2:49  Drone  
  35  2:58  Hatchery  
  35  3:00  Drone  
  35  3:04  Drone  
  36  3:06  Drone  
  36  3:12  Drone x2  
  39  3:13  Drone x2  
  39  3:17  Overlord  
  41  3:20  Drone  
  41  3:26  Queen  
  44  3:33  Spore Crawler  
  43  3:35  Drone  
  43  3:36  Drone x3  
  43  3:40  Spore Crawler  
  46  3:42  Drone  
  46  3:44  Drone  
  46  3:46  Drone  
  49  3:49  Overlord  
  49  3:52  Drone  
  50  3:56  Drone x2  
  52  4:06  Roach Warren  
  52  4:08  Drone x3  
  54  4:12  Drone  
  54  4:13  Lair  
  55  4:20  Spore Crawler  
  55  4:21  Zergling x8  
  58  4:26  Zergling x6  
  61  4:32  Overlord  
  61  4:42  Extractor  
  61  4:43  Extractor  
  59  4:48  Overlord, Drone x3  
  59  4:49  Roach x2  
  66  5:02  Roach x2  
  66  5:03  Roach  
  66  5:04  Drone x2  
  74  5:08  Drone x2  
  74  5:10  Overlord  
  74  5:14  Overseer  
  78  5:19  Roach x3  
  78  5:20  Overlord  
  81  5:24  Spine Crawler  
  81  5:25  Overlord, Spine Crawler  
  81  5:27  Overlord  
  79  5:29  Overlord  
  79  5:30  Roach x5  
  88  5:38  Roach  
  88  5:39  Roach  
  88  5:42  Roach  
  94  5:46  Roach, Ravager  
  94  5:49  Roach  
  101  5:50  Zergling x4  
  101  5:52  Zergling x4  
  101  5:54  Zergling x6  
  97  6:05  Zergling x6  
  97  6:08  Roach  
  92  6:18  Roach x2, Zergling x2  
  81  6:26  Zergling x4  
  80  6:33  Drone  
  80  6:37  Glial Reconstitution  
  81  6:40  Evolution Chamber  
  81  6:43  Roach x3  
  81  6:46  Roach x2  
  92  6:49  Ravager  
  92  6:50  Roach  
  93  6:54  Extractor  
  93  7:00  Roach x3  
  98  7:05  Ravager  
  102  7:08  Roach, Zergling x8  
  102  7:13  Overlord  
  103  7:19  Roach, Zergling x6  
  106  7:26  Roach  
  106  7:27  Roach  
  109  7:32  Zergling x4  
  109  7:36  Roach x3  
  117  7:43  Roach, Zergling x8  
  119  7:47  Roach  
  119  7:49  Roach  
  119  7:51  Ravager  
  124  7:54  Roach  
  126  8:02  Roach x2  
  126  8:03  Overlord x2  
  129  8:07  Overlord  
  129  8:10  Zergling x4  
  129  8:12  Overlord  
  129  8:14  Overlord  
  129  8:21  Zergling x12  
  129  8:23  Ravager x4  
  129  8:25  Zergling x2  
  140  8:29  Zergling x4  
  140  8:31  Zergling x2  
  140  8:34  Zergling x2  
  144  8:38  Ravager x2  
  144  8:39  Zergling x2  
  144  8:40  Zergling x2  
  148  8:42  Zergling x2  
  148  8:45  Zergling x2  
  148  8:47  Ravager  
  148  8:48  Zergling x2  
  151  8:53  Zergling x4  
  141  8:58  Zergling x4  
Show
View Real Time Build Order
Export as new Build Order

DnS Protoss 

Build Orders: 1 Gate Expand, Chargelot Immortal 

Get SALT Encoding   

  12  0:01  Probe  
  13  0:13  Probe  
  14  0:19  Pylon  
  14  0:25  Probe  
  15  0:32  Assimilator  
  15  0:33  Probe  
  15  0:41  Probe  
  16  0:47  Gateway  
  17  0:51  Probe  
  18  1:03  Probe  
  19  1:15  Probe  
  20  1:25  Nexus  
  20  1:34  Cybernetics Core  
  20  1:37  Probe  
  21  1:42  Assimilator  
  21  1:49  Probe  
  21  1:52  Pylon  
  22  2:01  Probe  
  22  2:03  Adept  
  23  2:14  Probe  
  26  2:19  Robotics Facility  
  26  2:25  Warp Gate  
  26  2:26  Probe, Stalker  
  29  2:40  Probe  
  29  2:42  Probe  
  31  2:48  Probe  
  31  2:54  Sentry, Probe  
  31  2:56  Probe  
  36  3:06  Probe  
  36  3:08  Probe  
  38  3:13  Immortal  
  38  3:17  Pylon  
  38  3:19  Probe  
  42  3:21  Probe  
  44  3:28  Probe  
  44  3:29  Gateway  
  45  3:36  Probe  
  45  3:38  Assimilator  
  45  3:40  Probe  
  47  3:43  Warp Prism  
  47  3:50  Pylon  
  47  3:55  Gateway  
  49  4:07  Probe  
  49  4:08  Probe  
  51  4:13  Gateway  
  51  4:15  Gateway  
  51  4:17  Gateway  
  51  4:18  Immortal  
  51  4:29  Sentry  
  51  4:30  Sentry  
  59  4:31  Pylon  
  59  4:38  Gateway  
  59  4:41  Pylon  
  59  4:43  Probe x2  
  61  4:52  Sentry  
  61  4:53  Sentry x2  
  61  4:57  Pylon  
  61  4:58  Pylon  
  67  5:17  Adept  
  67  5:18  Adept x5  
  79  5:22  Pylon  
  79  5:39  Adept x6  
  91  5:55  Adept  
  93  5:57  Pylon  
  75  6:14  Stalker x3  
  75  6:15  Stalker x2  
  75  6:21  Immortal  
  61  6:26  Probe  
  61  6:32  Probe  
  59  6:34  Assimilator  
  59  6:37  Adept x2  
  59  6:39  Probe  
  64  6:52  Sentry x2  
  69  6:54  Probe x2  
  69  6:56  Twilight Council  
  69  6:57  Forge  
  70  7:04  Zealot x4  
  70  7:06  Probe  
  79  7:24  Charge  
  79  7:26  Nexus  
  79  7:28  Probe x2  
  79  7:29  Pylon  
  81  7:36  Immortal  
  85  7:48  Probe x2  
  87  7:54  Pylon  
  87  7:55  Sentry x2  
  91  8:10  Immortal  
  88  8:14  Sentry x2  
  88  8:15  Adept x3  
  100  8:37  Zealot x7  
  114  8:41  Pylon  
  116  9:01  Zealot x5  
  102  9:04  Zealot  
Tags
 
Add a new tag
Caveats
  • Supply blocks, unpowered buildings, or Contaminate may cause inaccurate times.
  • Supply counts are checked every 10 seconds.